 Dungeon Crawl Stone Soup version 0.29-a0-870-g2c972031a6 (webtiles) character file.

Game seed: 7578653964605261671

124467 Bane the Bludgeoner (level 17, 0/136 (147) HPs)
             Began as a Formicid Fighter on July 17, 2022.
             Was the Champion of Okawaru.
             Slain by a culicivora (18 damage)
             ... on level 2 of the Spider Nest.
             The game lasted 01:41:10 (24637 turns).

Bane the Bludgeoner (Formicid Fighter)             Turns: 24637, Time: 01:41:10

HP:   0/136 (147)   AC: 23    Str: 29    XL:     17   Next: 48%
MP:   26/26         EV: 10    Int:  8    God:    Okawaru [******]
Gold: 2903          SH:  5    Dex: 13    Spells: 16/16 levels left

rFire   . . .      SeeInvis +   E - +2 giant spiked club (spect)
rCold   x . .      Faith    .   (shield currently unavailable)
rNeg    . . .      Spirit   .   J - +6 scale mail of Saduj {Rampage rC- Regen+ Slay+2}
rPois   +          Reflect  +   (helmet unavailable)
rElec   .          Harm     .   m - +1 cloak
rCorr   .          Rampage  +   e - +1 pair of gloves of the Enchanted Forest {Slay+5}
Will    +....                   K - +1 pair of boots {rampage}
Stlth   +.........              g - amulet of reflection
HPRegen 1.12/turn               X - ring of poison resistance
MPRegen 0.20/turn               R - +4 ring of slaying

@: mighty, lethally poisoned (0 -> -59), drained
A: permanent stasis, dig shafts and tunnels, antennae 3, four strong arms
a: Dig, Shaft Self, Renounce Religion, Heroism, Finesse, Duel


You were on level 2 of the Spider Nest.
You worshipped Okawaru.
Okawaru was exalted by your worship.
You visited 5 branches of the dungeon, and saw 25 of its levels.

You collected 3203 gold pieces.
You spent 300 gold pieces at shops.

Inventory:

Hand Weapons
 E - a +2 spectral giant spiked club (weapon)
 M - a +0 arbalest
 N - the +8 giant club of Gorang {vorpal, rF++}
   (Okawaru gifted it to you on level 5 of the Lair of Beasts)

   It inflicts extra damage upon your enemies.
   rF:        It greatly protects you from fire.
Missiles
 t - 6 atropa-tipped darts
Armour
 c - a +1 buckler
 e - the +1 pair of gloves of the Enchanted Forest (worn) {Slay+5}
   (Okawaru gifted it to you on level 11 of the Dungeon)

   Slay:      It affects your accuracy & damage with ranged weapons and melee
   (+5).
 m - a +1 cloak (worn)
 q - the +5 ring mail of Prudence {rF- Str+5 Stlth+}
   (You found it on level 2 of the Dungeon)

   Str:       It affects your strength (+5).
   rF:        It makes you vulnerable to fire.
   Stlth:     It makes you more stealthy.
 J - the +6 scale mail of Saduj (worn) {Rampage rC- Regen+ Slay+2}
   (Okawaru gifted it to you on level 1 of the Lair of Beasts)

   Slay:      It affects your accuracy & damage with ranged weapons and melee
   (+2).
   rC:        It makes you vulnerable to cold.
   Regen:     It increases your rate of health regeneration.
   Rampage:   It bestows one free step when moving towards enemies.
 K - a +1 pair of boots of rampaging (worn)
 V - the +1 pair of gloves "Fumn" {rC+ Int+4}
   (Okawaru gifted it to you on level 15 of the Dungeon)

   Int:       It affects your intelligence (+4).
   rC:        It protects you from cold.
Jewellery
 b - a +4 ring of protection
 g - an amulet of reflection (around neck)
 r - a ring of resist corrosion
 u - a +4 ring of evasion
 A - a ring of positive energy
 B - a +6 ring of dexterity
 R - a +4 ring of slaying (right hand)
 X - a ring of poison resistance (left hand)
Wands
 h - a wand of paralysis (8)
 w - a wand of roots (17)
 D - a wand of digging (17)
 F - a wand of polymorph (2)
 G - a wand of light (3)
 I - a wand of mindburst (6)
 Q - a wand of flame (22)
Scrolls
 a - 3 scrolls of poison
 f - 2 scrolls of enchant armour
 n - 4 scrolls of fog
 o - 11 scrolls of identify
 p - 4 scrolls of amnesia
 x - 7 scrolls of magic mapping
 y - 5 scrolls of enchant weapon
 H - a scroll of summoning {unknown}
 L - a scroll of fear
 S - 2 scrolls of torment {unknown}
 T - a scroll of acquirement {unknown}
 U - a scroll of immolation {unknown}
Potions
 d - 2 potions of might
 i - 5 potions of mutation
 j - 3 potions of flight
 k - 9 potions of curing
 l - 2 potions of magic
 s - 4 potions of ambrosia
 v - 5 potions of attraction
 z - 7 potions of heal wounds
 C - 2 potions of cancellation
 P - 2 potions of brilliance
 W - a potion of lignification {unknown}
Miscellaneous
 O - a phantom mirror


   Skills:
 + Level 17.0 Fighting
 * Level 17.7 Maces & Flails
 + Level 8.8 Ranged Weapons
 + Level 14.2 Armour
 - Level 5.0 Stealth
 - Level 4.0 Shields
 - Level 13.0 Invocations


You had 16 spell levels left.
You didn't know any spells.
Your spell library contained the following spells:

 Spells                   Type           Power      Damage    Failure   Level
 Apportation              Tloc           0%         N/A       58%         1
 Beastly Appendage        Tmut           0%         N/A       58%         1
 Freeze                   Ice            0%         1d3       58%         1
 Necrotise                Necr           0%         1d4       58%         1
 Ensorcelled Hibernation  Hex/Ice        0%         N/A       75%         2
 Passwall                 Tmut/Erth      0%         N/A       75%         2
 Static Discharge         Conj/Air       0%         3-3/arc   75%         2
 Wereblood                Tmut           0%         N/A       75%         2
 Frozen Ramparts          Ice            0%         1d2       92%         3
 Ozocubu's Armour         Ice            0%         N/A       92%         3
 Portal Projectile        Hex/Tloc       0%         N/A       92%         3
 Spider Form              Tmut/Pois      0%         N/A       92%         3
 Vampiric Draining        Necr           0%         2d6       92%         3
 Dispel Undead            Necr           0%         3d6       100%        4
 Fulminant Prism          Conj/Hex       0%         3d6       100%        4
 Hailstorm                Conj/Ice       0%         3d3       100%        4
 Iskenderun's Mystic Bla  Conj/Tloc      0%         2d3       100%        4
 Leda's Liquefaction      Hex/Erth       0%         N/A       100%        4
 Sticky Flame             Conj/Fire      0%         2d3       100%        4
 Agony                    Necr           0%         N/A       100%        5
 Borgnjor's Vile Clutch   Necr/Erth      0%         N/A       100%        5
 Fireball                 Conj/Fire      0%         3d3       100%        5
 Lee's Rapid Deconstruct  Erth           0%         3d5*      100%        5
 Metabolic Englaciation   Hex/Ice        0%         N/A       100%        5
 Starburst                Conj/Fire      0%         6d3       100%        6
 Orb of Destruction       Conj           0%         9d5       100%        7
 Ignition                 Fire           0%         3d3       100%        8
 Chain Lightning          Conj/Air       0%         N/A       100%        9
 Fire Storm               Conj/Fire      0%         5d1       100%        9
 Shatter                  Erth           0%         3d5*      100%        9
 Summon Small Mammal      Summ           Unusable   N/A       N/A         1
 Call Canine Familiar     Summ           Unusable   N/A       N/A         3
 Summon Guardian Golem    Hex/Summ       Unusable   N/A       N/A         3
 Swiftness                Air            Unusable   N/A       N/A         3
 Animate Dead             Necr           Unusable   N/A       N/A         4
 Death Channel            Necr           Unusable   N/A       N/A         6
 Simulacrum               Ice/Necr       Unusable   N/A       N/A         6
 Spellforged Servitor     Conj/Summ      Unusable   N/A       N/A         7

Dungeon Overview and Level Annotations

Branches:
Dungeon (15/15)            Temple (1/1) D:4            Lair (5/5) D:9
 Shoals (0/4) Lair:2       Spider (2/4) Lair:3        Slime (0/5) Lair:4
    Orc (2/2) D:10            Elf (0/3) Orc:2        Vaults (0/5) D:13
 Depths (0/4) D:15

Altars:
Ashenzari
Cheibriados
Dithmenos
Elyvilon
Fedhas
Gozag
Hepliaklqana
Kikubaaqudgha
Makhleb
Nemelex Xobeh
Okawaru
Qazlal
Ru
Sif Muna
Trog
Uskayaw
Vehumet
Wu Jian
Xom
Yredelemnul
Zin
The Shining One
Jiyva

Shops:
D:13 [   Orc:2 ([=!

Annotations:
D:3 Grinder
D:5 3 runed translucent doors, tself55's ghost, weakling PaDe


Innate Abilities, Weirdness & Mutations

You cannot be hasted, slowed, berserked, paralysed or teleported.
You can dig through walls and to a lower floor.
You have a pair of large antennae on your head. (SInv)
Your four strong arms can wield two-handed weapons with a shield.


Message History

There is a stone staircase leading up, spattered with blood here.
The jumping spider's many legs skitter faintly.
The redback bites you. The tarantella touches you.
You are more confused.
The jumping spider leaps!
The pharaoh ant bites you but does no damage.
The culicivora bites you but does no damage.
The redback bites you! The tarantella barely misses you.
In your confused state, you trip and fall back down the stairs.
The jumping spider leaps!
The culicivora bites you.
The culicivora draws strength from your injuries!
The redback bites you but does no damage.
The pharaoh ant bites you!!
The redback bites you but does no damage.
The tarantella touches you. The culicivora barely misses you.
The culicivora bites you.
The culicivora draws strength from your injuries!
Okay, then.
You feel better.
The redback bites you but does no damage.
The redback closely misses you.
The tarantella touches you but does no damage.
The pharaoh ant bites you!
You feel drained.
The culicivora bites you but does no damage.
The culicivora barely misses you. The redback bites you!
You are poisoned.
The redback poisons you! The redback bites you.
You are lethally poisoned!
The redback poisons you! You block the tarantella's attack.
You block the pharaoh ant's attack. You block the culicivora's attack.
You feel very mighty all of a sudden.
* * * LOW HITPOINT WARNING * * *
You feel extremely sick. You block the culicivora's attack.
The redback bites you!
* * * LOW HITPOINT WARNING * * *
The redback bites you but does no damage.
You block the tarantella's attack. The pharaoh ant bites you.
* * * LOW HITPOINT WARNING * * *
The culicivora bites you!!
You die...

....#..........
...............
.....>.........
.......>......
...#>.......#
...........
......s.s#
......s@#
......ssB#
..........#
.......s..#
.......s##^
........# #s
......#.. ..
.....#... ..


You could see 2 culicivoras, a pharaoh ant, a jumping spider, a tarantella and 4
redbacks.

Vanquished Creatures
  Jorgrun (D:15)
  Frances (D:14)
  Gastronok (D:10)
  An orc warlord (Orc:1)
  An emperor scorpion (Spider:1)
  An entropy weaver (shapeshifter) (D:13)
  Erolcha (D:9)
  4 boulder beetles
  2 radroaches (Spider:1)
  4 catoblepae
  10 hydras
  17 two-headed ogres
  2 ogre magi
  8 centaur warriors
  2 death knights
  10 death yaks
  2 orc high priests (Orc:2)
  A tengu warrior (D:13)
  Amaemon (Lair:3)
  5 skeletal warriors (D:12)
  An orb spider (Spider:1)
  2 lindwurms (Lair:3)
  A wizard (D:15)
  A necromancer (D:15)
  2 phantasmal warriors (D:15)
  2 orc knights
  4 deep elf pyromancers
  7 orc sorcerers
  7 cyclopes
  6 manticores
  3 wolf spiders
  25 ugly things
  5 elephants (Lair:5)
  A salamander (shapeshifter) (D:13)
  2 centaur zombies (D:15)
  4 black mambas
  A torpor snail (Lair:5)
  2 naga magi (D:15)
  A centaur skeleton (D:15)
  17 cane toads
  An orange demon (Lair:3)
  2 gargoyles
  2 unseen horrors
  2 rime drakes (Lair:3)
  4 komodo dragons
  3 freezing wraiths
  2 kobold demonologists
  6 yaktaurs
  2 demonic crawlers
  3 efreet
  A tengu conjurer (D:13)
  A queen bee (D:14)
  10 trolls
  4 tarantellas (Spider:1)
  5 blink frogs
  17 slime creatures
  Prince Ribbit (Lair:2)
  16 dream sheep
  6 culicivoras
  7 jumping spiders
  A centaur simulacrum (D:15)
  A shadow (D:13)
  6 wyverns
  3 wraiths
  4 basilisks
  39 yaks
  3 vampire mosquitoes
  A steam dragon (D:8)
  13 redbacks
  4 wargs (Orc:1)
  A warg (shapeshifter) (D:15)
  3 acid dragons
  14 water moccasins
  3 black bears
  2 ice beasts (D:6)
  25 orc warriors
  A sky beast (D:7)
  3 wolves (D:9)
  13 centaurs
  13 ogres
  2 phantoms
  17 bullfrogs
  10 kobold brigands
  3 gnoll sergeants
  A necrophage (D:6)
  4 scorpions
  Blork the orc (D:5)
  10 wights
  11 killer bees
  5 howler monkeys
  2 electric eels (Lair:2)
  2 jellies
  32 orc priests
  Crazy Yiuf (D:7)
  2 gnoll boudas
  2 hounds
  8 iguanas
  44 orc wizards
  23 gnolls
  12 adders
  A white imp (D:7)
  An ufetubus (D:5)
  4 worms (D:14)
  A dart slug (D:4)
  84 orcs
  5 endoplasms
  3 giant cockroaches
  7 hobgoblins
  4 jackals (D:3)
  19 kobolds
  2 quokkas
  8 ball pythons
  A bat (D:3)
  4 frilled lizards
  21 goblins
  12 rats
786 creatures vanquished.

Vanquished Creatures (others)
  An ogre (D:14)
  6 fungi
  18 plants
25 creatures vanquished.

Grand Total: 811 creatures vanquished

Notes
Turn   | Place    | Note
-------+----------+-------------------------------------------
     0 | D:1      | Bane the Formicid Fighter began the quest for the Orb.
     0 | D:1      | Reached XP level 1. HP: 18/18 MP: 1/1
   182 | D:1      | Reached XP level 2. HP: 24/24 MP: 2/2
   495 | D:1      | Found a faded altar of an unknown god.
   878 | D:2      | Reached XP level 3. HP: 22/30 MP: 3/3
  1209 | D:2      | Reached XP level 4. HP: 36/37 MP: 4/4
  1298 | D:2      | Found a white marble altar of Elyvilon.
  1608 | D:2      | Identified the +5 ring mail of Prudence {rF- Str+5 Stlth+}
  2178 | D:3      | Reached XP level 5. HP: 41/43 MP: 5/5
  2420 | D:3      | Reached skill level 1 in Stealth
  2472 | D:3      | Noticed Grinder
  3195 | D:4      | Reached XP level 6. HP: 38/49 MP: 6/6
  3346 | D:4      | Found a radiant altar of Vehumet.
  3401 | D:4      | Found a staircase to the Ecumenical Temple.
  3427 | Temple   | Entered the Ecumenical Temple
  3437 | Temple   | Became a worshipper of Warmaster Okawaru
  3546 | D:4      | Found a shadowy altar of Dithmenos.
  3609 | D:4      | Found a shimmering altar of Xom.
  3716 | D:4      | Noticed an ogre
  3728 | D:4      | Killed an ogre
  3729 | D:4      | Reached skill level 5 in Fighting
  3952 | D:4      | Noticed a water moccasin
  3967 | D:4      | Killed a water moccasin
  3967 | D:4      | Reached * piety under Okawaru
  3968 | D:4      | Reached XP level 7. HP: 10/56 MP: 7/7
  4428 | D:5      | Entered Level 5 of the Dungeon
  4428 | D:5      | Noticed a gargoyle
  4428 | D:5      | Found a runed translucent gate.
  4428 | D:5      | Found a runed translucent gate.
  4434 | D:5      | Found a runed translucent gate.
  4435 | D:5      | Noticed tself55's ghost (weakling PaDe)
  4660 | D:5      | Reached skill level 5 in Maces & Flails
  4755 | D:5      | Reached XP level 8. HP: 58/64 MP: 8/8
  4817 | D:5      | Reached skill level 5 in Armour
  4846 | D:5      | Reached ** piety under Okawaru
  5030 | D:5      | Noticed Blork the orc
  5037 | D:5      | Killed Blork the orc
  5791 | D:6      | Reached XP level 9. HP: 46/72 MP: 9/9
  5916 | D:6      | Found a burning altar of Makhleb.
  5921 | D:6      | Reached skill level 5 in Stealth
  5989 | D:6      | Reached *** piety under Okawaru
  6464 | D:6      | Received a gift from Okawaru
  6509 | D:6      | Identified the +8 spear "Akheocyp" {antimagic, rC++ Will+
                  | Str+2}
  6747 | D:6      | Reached skill level 1 in Invocations
  7328 | D:7      | Reached **** piety under Okawaru
  7571 | D:7      | Found a hazy altar of Hepliaklqana.
  7609 | D:7      | Found a glowing golden altar of the Shining One.
  7609 | D:7      | Found a sacrificial altar of Ru.
  8148 | D:7      | Found a runed translucent door.
  8149 | D:7      | Noticed Crazy Yiuf
  8155 | D:7      | Killed Crazy Yiuf
  8402 | D:8      | Reached XP level 10. HP: 83/83 MP: 11/11
  8475 | D:8      | Noticed a two-headed ogre
  8485 | D:8      | Killed a two-headed ogre
  8704 | D:8      | Found a shimmering blue altar of Sif Muna.
  9561 | D:9      | Noticed Erolcha
  9603 | D:9      | Reached skill level 10 in Fighting
  9619 | D:9      | Noticed a two-headed ogre
  9638 | D:9      | Killed a two-headed ogre
  9638 | D:9      | Reached ***** piety under Okawaru
  9643 | D:9      | Killed Erolcha
  9654 | D:9      | Reached XP level 11. HP: 63/92 MP: 7/14
  9992 | D:9      | Reached skill level 5 in Invocations
 10031 | D:9      | Received a gift from Okawaru
 10202 | D:9      | Found a staircase to the Lair.
 10217 | D:9      | Reached skill level 10 in Maces & Flails
 10281 | D:9      | Noticed a two-headed ogre
 10287 | D:9      | Killed a two-headed ogre
 10287 | D:9      | Noticed a two-headed ogre
 10296 | D:9      | Killed a two-headed ogre
 10567 | D:9      | Noticed a two-headed ogre
 10572 | D:9      | Killed a two-headed ogre
 10665 | D:9      | Noticed a two-headed ogre
 10671 | D:9      | Killed a two-headed ogre
 10957 | Lair:1   | Entered Level 1 of the Lair of Beasts
 10976 | Lair:1   | Reached XP level 12. HP: 71/102 MP: 16/16
 11216 | Lair:1   | Reached ****** piety under Okawaru
 11329 | Lair:1   | Identified the +6 scale mail of Saduj {Rampage rC- Regen+
                  | Slay+2} (Okawaru gifted it to you on level 1 of the Lair of
                  | Beasts)
 11329 | Lair:1   | Received a gift from Okawaru
 12191 | Lair:2   | Noticed a six-headed hydra
 12197 | Lair:2   | Killed a six-headed hydra
 12228 | Lair:2   | Noticed a seven-headed hydra
 12236 | Lair:2   | Killed a seven-headed hydra
 12402 | Lair:2   | Reached skill level 10 in Armour
 12402 | Lair:2   | Reached XP level 13. HP: 111/111 MP: 19/19
 12457 | Lair:2   | Found a staircase to the Shoals.
 12547 | Lair:2   | Noticed Prince Ribbit
 12553 | Lair:2   | Killed Prince Ribbit
 12558 | Lair:2   | You fall into a shaft and drop 1 floor!
 12558 | Lair:3   | Noticed Amaemon
 12561 | Lair:3   | Killed Amaemon
 12689 | Lair:3   | Identified the +7 plate armour of Waegota {Contam rF+
                  | Regen+} (Okawaru gifted it to you on level 3 of the Lair of
                  | Beasts)
 12689 | Lair:3   | Received a gift from Okawaru
 12907 | Lair:3   | Found a hole to the Spider Nest.
 13863 | Lair:4   | Found a viscous altar of Jiyva.
 13864 | Lair:4   | Found a staircase to the Slime Pits.
 14383 | Lair:5   | Entered Level 5 of the Lair of Beasts
 14390 | Lair:5   | Reached skill level 1 in Ranged Weapons
 14466 | Lair:5   | Noticed a six-headed hydra
 14473 | Lair:5   | Killed a six-headed hydra
 14512 | Lair:5   | Noticed a four-headed hydra
 14518 | Lair:5   | Killed a four-headed hydra
 14594 | Lair:5   | Reached XP level 14. HP: 121/121 MP: 21/21
 14710 | Lair:5   | Identified the +8 giant club of Gorang {vorpal, rF++}
                  | (Okawaru gifted it to you on level 5 of the Lair of Beasts)
 14710 | Lair:5   | Received a gift from Okawaru
 14736 | Lair:5   | Reached skill level 10 in Invocations
 14971 | Lair:5   | Reached skill level 15 in Fighting
 15111 | Lair:5   | Received a gift from Okawaru
 15472 | Spider:1 | Entered Level 1 of the Spider Nest
 16431 | Spider:2 | Noticed an emperor scorpion
 16447 | Spider:1 | Killed an emperor scorpion
 16448 | Spider:1 | Reached XP level 15. HP: 53/129 MP: 23/23
 16675 | D:10     | Entered Level 10 of the Dungeon
 16743 | D:10     | Found a white marble altar of Elyvilon.
 16779 | D:10     | Noticed Gastronok
 16827 | D:10     | Killed Gastronok
 16828 | D:10     | Reached skill level 15 in Maces & Flails
 16932 | D:10     | Identified the +1 leather armour of the Blacksmith {-Cast
                  | Str+3}
 16947 | D:10     | Found a staircase to the Orcish Mines.
 16952 | D:10     | Reached skill level 5 in Ranged Weapons
 17156 | D:10     | Identified the +9 war axe "Jaturer" {vorpal, +Blink}
 17347 | D:11     | Identified the +1 pair of gloves of the Enchanted Forest
                  | {Slay+5} (Okawaru gifted it to you on level 11 of the
                  | Dungeon)
 17347 | D:11     | Received a gift from Okawaru
 19333 | D:13     | Found Ymikhuv's Armour Boutique.
 19375 | D:13     | Found a gate to the Vaults.
 19443 | D:13     | Identified the +1 kite shield "Ysowi" {-Cast Harm Rampage}
                  | (Okawaru gifted it to you on level 13 of the Dungeon)
 19443 | D:13     | Received a gift from Okawaru
 19675 | D:13     | Reached XP level 16. HP: 138/138 MP: 25/25
 19698 | D:13     | Found a shimmering altar of Xom.
 19839 | D:13     | Identified the +0 ring mail "Konunwyi" {Rampage Str+2
                  | Stlth-}
 20923 | D:14     | Found a burning altar of Makhleb.
 20986 | D:14     | Identified the +0 giant spiked club "Mus Seho" {venom,
                  | Fragile rElec rPois rN++} (Okawaru gifted it to you on
                  | level 14 of the Dungeon)
 20986 | D:14     | Received a gift from Okawaru
 21145 | D:14     | Noticed Frances
 21157 | D:14     | Killed Frances
 21475 | D:15     | Entered Level 15 of the Dungeon
 21534 | D:15     | Noticed Jorgrun
 21550 | D:15     | Killed Jorgrun
 21682 | D:15     | Identified the +1 pair of gloves "Fumn" {rC+ Int+4}
                  | (Okawaru gifted it to you on level 15 of the Dungeon)
 21682 | D:15     | Received a gift from Okawaru
 21786 | D:15     | Reached XP level 17. HP: 143/146 MP: 26/26
 22360 | D:15     | Found a staircase to the Depths.
 22522 | Orc:1    | Entered Level 1 of the Orcish Mines
 23386 | Orc:2    | Entered Level 2 of the Orcish Mines
 23800 | Orc:2    | Found Cipnoc's Weapon Shop.
 23800 | Orc:2    | Found Suastes's Distillery.
 23800 | Orc:2    | Found Veph's Armour Shop.
 23804 | Orc:2    | Found Tugef's Jewellery Boutique.
 23835 | Orc:2    | Found a staircase to the Elven Halls.
 23873 | Orc:2    | Bought a ring of poison resistance for 300 gold pieces
 24047 | Orc:2    | Identified the +0 scale mail "Nuimig" {Int+5} (Okawaru
                  | gifted it to you on level 2 of the Orcish Mines)
 24047 | Orc:2    | Received a gift from Okawaru
 24637 | Spider:2 | Slain by a culicivora

Illustrated notes

Levels and vault maps discovered:
D:1:      wheals_arrival_shading, layout_loops_ring,
          dreamdust_ecumenical_altar_statues, minmay_misc_feat_square,
          grunt_decor_junction
D:2:      layout_basic, basic_altar, nrook_mini_vaults
D:3:      layout_basic, kennysheep_boxes, uniq_grinder
D:4:      minmay_diamond_boxcup, layout_basic, nicolae_vehumet_altar_sigil,
          mainiacjoe_overflow_large_starburst, temple_pool_b, minivault_26,
          hangedman_feature_mirror, minmay_ogre_servants
D:5:      layout_basic, gammafunk_ghost_split, uniq_blork_the_orc
D:6:      layout_gridville, lemuel_crystal_altar, kennysheep_opposing_triangles
D:7:      layout_layer_cave, gammafunk_temple_overflow_wave,
          mainiacjoe_overflow_chevrons, uniq_crazy_yiuf_cottage
D:8:      layout_basic, overflow_temple_1_default
D:9:      minmay_bubble_buster, layout_long_grid, minmay_lair_entry_grove,
          uniq_erolcha
D:10:     layout_cave_pools, elyvilon_altar_3,
          kennysheep_orc_monster_closet_entryway, minmay_librarian,
          uniq_gastronok
D:11:     layout_grid_maze
D:12:     layout_roguey, st_stairs_9
D:13:     minmay_the_grid_octo_tiled_squarecenter_mashed
          [minmay_the_grid_octo_vomiting_pacman, minmay_the_grid_octo_77,
          minmay_the_grid_octo_clover_2, minmay_the_grid_octo_clover,
          minmay_the_grid_square_5x5_megaprize_hollow,
          minmay_the_grid_square_5x5_intrusive_squares,
          minmay_the_grid_square_5x5_half_checkered,
          minmay_the_grid_square_5x5_forky, minmay_the_grid_square_5x5_empty],
          layout_loops_ring, serial_shops, shop
D:14:     layout_stronghold, bloody_makhleb, hive_lemuel, uniq_frances
D:15:     grunt_enter_depths_magical_seal, layout_loops_ring, solitary_fountain,
          uniq_jorgrun
Temple:   hellmonk_temple_forest_ring
Lair:1:   layout_regular_city, nicolae_lair_grove_arrangements,
          lemuel_fruit_fields
Lair:2:   layout_chaotic_city, elwin_shoals_entry_rocks, serial_bayou_pond_e,
          grunt_megastairs_5, serial_bayou_shore_a, uniq_prince_ribbit2
Lair:3:   layout_cave_pods, spider_nest_entry_a, nicolae_lair_lindhole,
          uniq_amaemon
Lair:4:   layout_hall_layers, slime_entry_1, grunt_megastairs_2
Lair:5:   evilmike_catoblepas_cave, layout_regular_city
Spider:1: layout_spider_delve, nicolae_spider_spiderdrome
Spider:2: layout_spider_delve
Orc:1:    layout_caves, nicolae_orc_stony_grotto, nooodl_orcs_dogs
Orc:2:    st_orc_mages, layout_diamond_mine

Skill      XL: |  1  2  3  4  5  6  7  8  9 10 11 12 13 14 15 16 17 |
---------------+----------------------------------------------------+-----
Fighting       | 4 5 6 7 9 10 12 13 14 15 16 17 | 17.0
Maces & Flails | 3 4 5 6 8 9 11 12 13 14 16 17 | 17.7
Stealth        | 1 2 3 4 5 |  5.0
Armour         | 4 5 6 7 9 10 11 12 13 14 | 14.2
Invocations    | 2 4 6 8 9 10 12 13 | 13.0
Ranged Weapons | 2 4 6 8 |  8.8
Shields        | |  4.0

Action                   |  1- 3 |  4- 6 |  7- 9 | 10-12 | 13-15 | 16-18 || total
-------------------------+-------+-------+-------+-------+-------+-------++-------
Melee: Flail             |    64 |       |       |       |       |       ||    64
       Whip              |    38 |   280 |       |       |       |       ||   318
       Giant spiked club |       |    12 |   214 |   262 |   461 |   437 ||  1386
Invok: Heroism           |       |       |       |     2 |     1 |     1 ||     4
       Finesse           |       |       |       |     1 |       |       ||     1
 Abil: Dig               |       |       |     5 |     4 |     1 |     6 ||    16
  Use: Scroll            |       |     8 |       |       |    14 |       ||    22
       Potion            |       |     2 |       |       |       |     2 ||     4
 Stab: Sleeping          |       |     3 |    10 |     5 |     5 |     2 ||    25
       Distracted        |       |       |     1 |     2 |     4 |     3 ||    10
Armor: Scale mail        |    29 |    10 |       |    15 |   219 |   197 ||   470
       Ring mail         |       |    73 |    87 |    54 |       |       ||   214
       Skin              |       |       |       |       |     1 |       ||     1
Dodge: Dodged            |    31 |    80 |   115 |   116 |   217 |   117 ||   676
Block: Buckler           |    46 |   104 |       |       |       |       ||   150
       Reflection        |       |     3 |       |       |     2 |     4 ||     9
       Other             |       |     6 |    57 |    41 |    64 |    63 ||   231

Table legend: (Time is in decaauts)
 A = Elapsed time spent in this place.
 B = Non-inter-level travel time spent in this place.
 C = Inter-level travel time spent in this place.
 D = Time resting spent in this place.
 E = Time spent auto-exploring this place.
 F = Levels seen in this place.
 G = Mean time per level.
                   A        B        C        D        E       F      G
               +--------+--------+--------+--------+--------+-----+--------+
         Total |  24855 |  23661 |   1194 |    929 |  17670 |  25 |  994.2 |
       Dungeon |  16973 |  16393 |    580 |    772 |  12182 |  15 | 1131.5 |
        Temple |     96 |     88 |      8 |      0 |     59 |   1 |   96.0 |
          Lair |   4628 |   4300 |    328 |      0 |   3500 |   5 |  925.6 |
   Spider Nest |   1208 |   1054 |    154 |    129 |    701 |   2 |  604.0 |
  Orcish Mines |   1949 |   1825 |    124 |     28 |   1227 |   2 |  974.5 |
               +--------+--------+--------+--------+--------+-----+--------+

Top non-repeatable levels by time:
     D:9: 1548 daAuts
     D:7: 1373 daAuts
     D:5: 1363 daAuts
     D:4: 1344 daAuts
     D:6: 1315 daAuts
  Lair:1: 1277 daAuts
    D:11: 1210 daAuts
    D:13: 1193 daAuts
Spider:1: 1176 daAuts
     D:8: 1164 daAuts
     D:2: 1080 daAuts
     D:3: 1054 daAuts
    D:14: 1048 daAuts
  Lair:5: 1032 daAuts
  Lair:3: 1027 daAuts
